 Dungeon Crawl Stone Soup version 0.26.0-10-g1f06aea511 (webtiles) character file.

Game seed: 6420531360733265015

2 CurlyBrace the Grasshopper (level 1, 0/9 HPs)
             Began as a Felid Warper on Jan 14, 2021.
             Succumbed to a scorpion's poison
             ... on level 4 of the Dungeon.
             The game lasted 00:03:11 (264 turns).

CurlyBrace the Grasshopper (Felid Warper)            Turns: 264, Time: 00:03:12

Health: 0/9        AC:  1    Str:  7    XL:     1   Next: 33%
Magic:  4/4        EV: 18    Int: 14    God:
Gold:   35         SH:  0    Dex: 15    Spells: 3/4 levels left
                                        Lives:  0   Deaths: 0

rFire    . . .     SeeInvis +     - Unarmed
rCold    . . .     Faith    .   (shield unavailable)
rNeg     . . .     Spirit   .   (armour unavailable)
rPois    .         Reflect  .   (helmet unavailable)
rElec    .         Harm     .   (cloak unavailable)
rCorr    .         Rampage  .   (gloves unavailable)
Will     .....                  (boots unavailable)
Stlth    ++........             (no amulet)
HPRegen  0.03/turn              (no ring)
MPRegen  0.09/turn              (no ring)

@: lethally poisoned (0 -> -14), hasted, very quick
A: very small, no armour, no weapons or thrown items, stealth, claws 1, fangs 3,
see invisible, speed 1, shaggy fur 1, sharp paws
a: no special abilities


You were on level 4 of the Dungeon.
You visited 1 branch of the dungeon, and saw 5 of its levels.

You collected 35 gold pieces.

Inventory:

Scrolls
 z - a scroll of blinking


   Skills:
 - Level 2.0 Fighting
 - Level 3.2 Dodging
 + Level 0.8 Stealth
 + Level 2.1 Unarmed Combat
 - Level 2.0 Spellcasting
 - Level 4.4 Translocations


You had 3 spell levels left.
You knew the following spells:

 Your Spells              Type           Power        Failure   Level
a - Apportation           Tloc           26%          4%          1

Your spell library contained the following spells:

 Spells                   Type           Power        Failure   Level
 Blink                    Tloc           N/A          6%          2
 Gell's Gravitas          Tloc           6%           12%         3
 Lesser Beckoning         Tloc           6%           12%         3
 Teleport Other           Tloc           13%          12%         3
 Animate Skeleton         Necr           2%           24%         1
 Corona                   Hex            1%           24%         1
 Summon Small Mammal      Summ           4%           24%         1
 Passage of Golubria      Tloc           N/A          36%         4


Dungeon Overview and Level Annotations

Branches:
Dungeon (5/15)
 Temple: D:4-7

Altars:

Annotations:
D:5 exclusion: centaur


Innate Abilities, Weirdness & Mutations

You cannot wear armour.
You are incapable of wielding weapons or throwing items.
Your paws allow you to move quietly. (Stealth)
You have sharp claws.
You have razor-sharp teeth.
You have supernaturally acute eyesight. (SInv)
You cover ground quickly.
You are covered in fur. (AC +1)
Your sharp claws are effective at attacking unaware monsters.


Message History

Unknown command.
The scorpion barely misses you.
You see here a bubbling brown potion.
It was a potion of haste.
You feel yourself speed up. The scorpion closely misses you.
Found a long sword.
You open the door. 4 jackals come into view.
The jackal barks! x3
There is an open door here.
You close the door.
The scorpion stings you!
Ouch! That really hurt!
* * * LOW HITPOINT WARNING * * *
You are lethally poisoned!
The scorpion poisons you!
You aren't carrying any potions.
Okay, then.
A dart slug comes into view.
You die...

# ######
#.#....###
#h.h.....#
#.h......# ###
#+## ###
##..##..##..##
#......s.....#
#).......@...#
######.###..##
#####.## ..#
#......# ...+
##.....# ...#
.#.....# ...#
.##....# w..#
###.#...##
#.##
####.#.#>..###


You could see a scorpion and a dart slug (asleep).

Vanquished Creatures
  A goblin (D:1)
  A frilled lizard (D:2)
  A kobold (D:2)
3 creatures vanquished.

Notes
Turn   | Place    | Note
-------+----------+-------------------------------------------
     0 | D:1      | CurlyBrace the Felid Warper began the quest for the Orb.
     0 | D:1      | Reached XP level 1. HP: 9/9 MP: 4/4
   101 | D:4      | Noticed an orc wizard
   154 | D:4      | Noticed a scorpion
   181 | D:4      | Noticed a hound
   207 | D:5      | Entered Level 5 of the Dungeon
   207 | D:5      | Noticed a centaur
   218 | D:4      | Learned a level 1 spell: Apportation
   264 | D:4      | Succumbed to a scorpion's poison

Illustrated notes

Levels and vault maps discovered:
D:1:      dpeg_arrival_rhombus, layout_basic
D:2:      kb_forest_paths, layout_loops_corners, minivault_27
D:3:      layout_loops_corners, nicolae_ru_path_of_blood
D:4:      layout_gridville, grunt_decor_clamped, uniq_duvessa
D:5:      layout_basic

Action                   || total
-------------------------++-------
Melee: Unarmed           ||     6
  Use: Scroll            ||     4
       Potion            ||     2
Armor: Skin              ||     1
Dodge: Dodged            ||    12
